 Dungeon Crawl Stone Soup version 0.21-a0-143-g1ab7d47 (webtiles) character file.

5610 Manul the Cleaver (level 10, -9/77 HPs)
             Began as a Mummy Gladiator on July 25, 2017.
             Was an Initiate of Gozag.
             Mangled by a troll (13 damage)
             ... on level 10 of the Dungeon.
             The game lasted 00:13:05 (10201 turns).

Manul the Cleaver (Mummy Gladiator)                Turns: 10201, Time: 00:13:05

Health: -9/77      AC:  9    Str: 19    XL:     10   Next: 45%
Magic:  11/11      EV: 15    Int:  8    God:    Gozag
Gold:   587        SH:  0    Dex: 21    Spells: 9/9 levels left

rFire    x . .     SeeInvis .   m - +1 war axe (elec)
rCold    + . .     Gourm    .   (no shield)
rNeg     + + +     Faith    .   e - +1 leather armour of Creativity {Dex+6}
rPois    ∞         Spirit   .   c - +2 helmet
rElec    .         Reflect  .   i - +0 cloak
rCorr    .         Harm     .   (no gloves)
MR       +++..                  (no boots)
Stlth    ++........             (no amulet)
HPRegen  0.22/turn              x - ring of protection from magic
MPRegen  0.12/turn              w - ring of protection from magic

@: no status effects
A: no food or potions, fire vulnerability, cold resistance 1, negative energy
resistance 3, torment resistance, unbreathing
a: Potion Petition, Call Merchant, Bribe Branch, Renounce Religion


You were on level 10 of the Dungeon.
You worshipped Gozag.
Gozag was pleased with you.
You were not hungry.

You visited 2 branches of the dungeon, and saw 11 of its levels.
You also visited: Bailey.

You collected 1440 gold pieces.
You paid 853 gold pieces to Gozag.

Inventory:

Hand Weapons
 b - a +1 halberd of electrocution
 f - a +1 halberd of electrocution
 m - a +1 war axe of electrocution (weapon)
 v - a +2 whip of freezing
Missiles
 d - a throwing net (quivered)
Armour
 a - a +2 scale mail of cold resistance
 c - a +2 helmet (worn)
 e - the +1 leather armour of Creativity (worn) {Dex+6}
   (You found it on level 6 of the Dungeon)

   It affects your dexterity (+6).
 i - a +0 cloak (worn)
Jewellery
 t - an uncursed ring of fire {unknown}
 w - a ring of protection from magic (right hand)
 x - a ring of protection from magic (left hand)
Wands
 u - a wand of disintegration (7/24)
 y - a wand of flame (20/48)
Scrolls
 g - a scroll of identify
 h - 2 scrolls of magic mapping
 j - a scroll of immolation {unknown}
 k - 3 scrolls of amnesia
 l - a scroll of remove curse
 p - 6 scrolls of teleportation
 q - 3 scrolls of enchant armour
 r - a scroll of acquirement
 z - a scroll of blinking {unknown}
Books
 n - a book of Air

   Spells                             Type                      Level
   a - Shock                          Conjuration/Air              1
   b - Swiftness                      Charms/Air                   2
   c - Static Discharge               Conjuration/Air              3
   d - Airstrike                      Air                          4
   e - Lightning Bolt                 Conjuration/Air              5
 o - a book of Conjurations

   Spells                             Type                      Level
   a - Magic Dart                     Conjuration                  1
   b - Searing Ray                    Conjuration                  2
   c - Dazzling Spray                 Conjuration/Hexes            3
   d - Fulminant Prism                Conjuration/Hexes            4
   e - Force Lance                    Conjuration/Translocation    4
   f - Iskenderun's Mystic Blast      Conjuration                  4
 s - a book of Maledictions

   Spells                             Type                      Level
   a - Corona                         Hexes                        1
   b - Ensorcelled Hibernation        Hexes/Ice                    2
   c - Confuse                        Hexes                        3
   d - Tukima's Dance                 Hexes                        3
   e - Dazzling Spray                 Conjuration/Hexes            3


   Skills:
 + Level 6.6 Fighting
 + Level 9.7(9.9) Axes
 - Level 2.6(6.7) Polearms
 - Level 1.8 Throwing
 + Level 4.8 Armour
 + Level 5.0 Dodging
 + Level 1.4 Evocations


You had 9 spell levels left.
You didn't know any spells.

Dungeon Overview and Level Annotations

Branches:
Dungeon (10/15)            Temple (1/1) D:5
   Lair: D:8-11         Orc: D:9-12

Altars:
Ashenzari
Cheibriados
Dithmenos
Elyvilon
Fedhas
Gozag
Hepliaklqana
Kikubaaqudgha
Makhleb
Nemelex Xobeh
Okawaru
Qazlal
Ru
Sif Muna
Trog
Uskayaw
Vehumet
Wu Jian
Xom
Yredelemnul
Zin
The Shining One

Shops:
D:8 (

Annotations:
D:2 1 runed door
D:9 Vesto's ghost, novice GrBe


Innate Abilities, Weirdness & Mutations

You do not eat or drink.
Your flesh is vulnerable to fire.
You are immune to poison.
Your flesh is cold resistant. (rC+)
You are immune to negative energy. (rN+++)
You are immune to unholy pain and torment.
You can survive without breathing.


Message History

You hit the troll.
The troll is heavily wounded.
The troll barely misses you. The troll claws you but does no damage.
The troll claws you!
You are too injured to fight recklessly!
You are too injured to fight recklessly!
You are too injured to fight recklessly!
You are too injured to fight recklessly!
You are too injured to fight recklessly!
You hit the troll.
The troll is heavily wounded.
The troll bites you but does no damage. The troll claws you! x2
* * * LOW HITPOINT WARNING * * *
You slash the troll!
The troll is almost dead.
The troll bites you!
* * * LOW HITPOINT WARNING * * *
The troll misses you. The troll claws you!
You die...
Your body crumbles into a pile of gold.

.## <.# ### .### #..
...# ###.####### .#.#
#.........# ...########
#.........# .#........#
#.........# ..........#
#.........#
.#........####..@T.....#
............##.........#
.#........#............#
########.#####.........#
#..# ######.#### #.## .#
#+ #


You could see a troll.

Vanquished Creatures
  2 two-headed ogres
  An orc knight (Bailey)
  Joseph (D:9)
  A hippogriff (D:10)
  A spriggan (D:8)
  A water moccasin (D:9)
  An ice beast (D:9)
  A black bear (D:9)
  4 ogres
  A phantom (D:8)
  A sky beast (D:7)
  3 centaurs
  2 crocodiles
  A big kobold (D:9)
  2 bullfrogs
  A scorpion (D:4)
  A wyvern skeleton (D:9)
  4 killer bees (D:10)
  3 howler monkeys (D:9)
  4 jellies
  A bullfrog skeleton (D:8)
  14 orc wizards
  5 orc priests
  2 centaur skeletons
  3 iron imps (D:3)
  3 hounds
  2 iguanas
  3 worker ants
  13 gnolls (Bailey)
  9 adders
  A river rat (D:4)
  A shadow imp (D:9)
  An ooze (D:2)
  An adder skeleton (D:6)
  3 worms (D:3)
  4 dart slugs
  3 leopard geckos
  27 orcs
  4 ball pythons
  16 bats
  2 giant cockroaches
  7 goblins
  18 hobgoblins
  9 jackals
  6 quokkas
  3 frilled lizards
  15 kobolds
  7 rats
219 creatures vanquished.

Vanquished Creatures (others)
  A crimson imp (D:8)
1 creature vanquished.

Grand Total: 220 creatures vanquished

Notes
Turn   | Place    | Note
-------+----------+-------------------------------------------
     0 | D:1      | Manul the Mummy Gladiator began the quest for the Orb.
     0 | D:1      | Reached XP level 1. HP: 16/16 MP: 1/1
   207 | D:1      | Reached XP level 2. HP: 21/22 MP: 2/2
   778 | D:2      | Reached skill level 3 in Axes
   802 | D:2      | Reached XP level 3. HP: 24/27 MP: 3/3
   887 | D:2      | Found a runed door.
  1665 | D:2      | Reached XP level 4. HP: 33/33 MP: 4/4
  2287 | D:3      | Reached skill level 1 in Armour
  2329 | D:3      | Reached XP level 5. HP: 32/39 MP: 5/5
  2538 | D:3      | Found a burning altar of Makhleb.
  2551 | D:3      | Reached skill level 4 in Axes
  2693 | D:4      | Found a glowing silver altar of Zin.
  2696 | D:4      | Noticed an ogre
  2712 | D:4      | Killed an ogre
  2712 | D:4      | Reached XP level 6. HP: 37/47 MP: 6/6
  3210 | D:4      | Found a glowing drain.
  3287 | D:5      | Entered Level 5 of the Dungeon
  3291 | D:5      | Reached skill level 5 in Axes
  3291 | D:5      | Reached XP level 7. HP: 52/52 MP: 7/7
  3334 | D:5      | Noticed a two-headed ogre
  3344 | D:5      | Killed a two-headed ogre
  3344 | D:5      | Reached skill level 6 in Axes
  3344 | D:5      | Reached XP level 8. HP: 60/60 MP: 8/8
  3519 | D:5      | Found a staircase to the Ecumenical Temple.
  3594 | Temple   | Entered the Ecumenical Temple
  4053 | D:6      | Found a sparkling altar of Nemelex Xobeh.
  4065 | D:6      | Found an opulent altar of Gozag.
  4070 | D:6      | Became a worshipper of Gozag Ym Sagoz the Greedy
  4429 | D:6      | Reached skill level 7 in Axes
  4435 | D:6      | Got a blackened leather armour
  4446 | D:6      | Identified the +1 leather armour of Creativity {Dex+6} (You found it on level 6 of the Dungeon)
  5196 | D:7      | Found a shadowy altar of Dithmenos.
  5249 | D:7      | Reached XP level 9. HP: 58/67 MP: 9/9
  5915 | D:8      | Identified a scroll of acquirement
  5946 | D:8      | Reached skill level 5 in Fighting
  5951 | D:8      | Reached skill level 8 in Axes
  6225 | D:8      | Found a flagged portal.
  6234 | Bailey   | Entered a bailey
  6342 | Bailey   | Noticed an orc knight
  6417 | Bailey   | Killed an orc knight
  6893 | D:8      | Got a distressingly furry scale mail
  6904 | D:8      | Identified the +2 scale mail of Teureum {*Drain rElec Str-3 Int+6} (You found it on level 8 of the Dungeon)
  7117 | D:8      | Reached skill level 1 in Evocations
  7132 | D:8      | Found a bloodstained altar of Trog.
  7835 | D:9      | Found an ancient bone altar of Kikubaaqudgha.
  7847 | D:9      | Noticed a two-headed ogre
  7932 | D:9      | Found an iron altar of Okawaru.
  7954 | D:9      | Noticed Vesto's ghost (novice GrBe)
  8530 | D:9      | Killed a two-headed ogre
  8530 | D:9      | Reached skill level 9 in Axes
  8530 | D:9      | Reached XP level 10. HP: 74/76 MP: 11/11
  8574 | D:9      | Found a white marble altar of Elyvilon.
  8913 | D:9      | Noticed Joseph
  8932 | D:9      | Killed Joseph
  9589 | D:10     | Entered Level 10 of the Dungeon
 10177 | D:10     | Reached skill level 5 in Dodging
 10201 | D:10     | Mangled by a troll

Vault maps used:
D:1:      lemuel_arrival_broad_hall
D:2:      uniq_crazy_yiuf_cottage
D:3:      demons_altar, first_bread
D:4:      lemuel_crystal_altar, portal_sewer_entry_c, kennysheep_generic_room_13
D:5:      minmay_temple_entry_junction, minmay_misc_feat_plants
D:6:      grunt_temple_overflow_opulence
D:7:      basic_altar
D:8:      bloody_trog, enter_bailey_2, the_bakery
D:9:      overflow_temple_1_default, overflow_temple_1_default,
          okawaru_metal_pillars_1_2, uniq_joseph
D:10:     minmay_lair_entry_lava, st_stairs_13
Temple:   regret_index_temple_generic_petals
Bailey:   bailey_axe_2, bailey

Skill      XL: |  1  2  3  4  5  6  7  8  9 10 |
---------------+-------------------------------+-----
Axes           | 3 4 5 6 7 9 |  9.7
Armour         | 1 2 3 4 |  4.8
Dodging        | 3 4 5 |  5.0
Fighting       | 3 4 5 6 |  6.6
Polearms       | 2 |  2.6
Evocations     | 1 |  1.4
Throwing       | |  1.8

Action                   |  1- 3 |  4- 6 |  7- 9 | 10-12 || total
-------------------------+-------+-------+-------+-------++-------
Melee: War axe           |   120 |   124 |   231 |    95 ||   570
       Halberd           |       |       |    61 |       ||    61
Throw: Throwing net      |       |     3 |     4 |     2 ||     9
Invok: Call Merchant     |       |       |     1 |       ||     1
       Potion Petition   |       |       |       |     1 ||     1
Evoke: Wand              |       |       |     7 |       ||     7
  Use: Scroll            |     3 |     3 |    11 |       ||    17
 Stab: Held in net/web   |       |       |     2 |     1 ||     3
       Sleeping          |       |       |     2 |       ||     2
       Distracted        |       |       |     2 |       ||     2
       Invisible         |       |       |       |     4 ||     4
Armor: Leather armour    |    57 |       |    70 |    32 ||   159
       Ring mail         |       |    42 |    23 |       ||    65
Dodge: Dodged            |   116 |    90 |   225 |    87 ||   518
